 Dungeon Sprint DCSS version 0.18.1-50-g88ac8fd (webtiles) character file.

444 Inkary the Grappler (level 6, -2/68 HPs)
             Began as a Troll Berserker on Sept 20, 2016.
             Was a Priest of Trog.
             Slain by Sonja
             ... wielding a +0 short sword of venom
              (3 damage)
             ... in the Dungeon (Sprint I: "Red Sonja").
             The game lasted 00:02:31 (276 turns).

Inkary the Grappler (Troll Berserker)                Turns: 276, Time: 00:02:33

Health: -2/68      AC:  5    Str: 26    XL:     6   Next: 72%
Magic:  5/5        EV: 12    Int:  3    God:    Trog [***...]
Gold:   297        SH:  0    Dex: 11    Spells: 0 memorised, 5 levels left

rFire  . . .     SeeInvis .       - Unarmed
rCold  . . .     Gourm    +     a - +0 animal skin
rNeg   . . .     Faith    .     (no shield)
rPois  .         Spirit   .     (helmet restricted)
rElec  .         Dismiss  .     (no cloak)
rCorr  .         Reflect  .     (gloves unavailable)
SustAt .         Harm     .     (boots unavailable)
MR     ++...     NoTele   +     (no amulet)
Stlth  +.........               (no ring)
                                (no ring)

@: lethally poisoned (-2 -> -51), exhausted, regenerating, slowed, very slow,
very resistant to hostile enchantments, very unstealthy
A: unfitting armour, claws 3, fast metabolism 3, gourmand, regeneration 2,
shaggy fur 1, tough skin 2
a: Berserk, Trog's Hand, Burn Spellbooks, Renounce Religion


You were in the Dungeon.
You worshipped Trog.
Trog was most pleased with you.
You were not hungry.

You visited 1 branch You collected 297 gold pieces.

Inventory:

Armour
 a - a +0 animal skin (worn)
Scrolls
 h - a scroll of blinking
Potions
 c - a potion of curing
 d - a potion of heal wounds
 e - a potion of haste
 f - 2 potions of magic
 g - a potion of berserk rage
Comestibles
 b - 2 bread rations
 i - 3 chunks of flesh


   Skills:
 + Level 6.5 Fighting
 + Level 6.5 Dodging
 * Level 10.7 Unarmed Combat


You had 5 spell levels left.
You didn't know any spells.

Dungeon Overview and Level Annotations

Branches:
Dungeon (1/1)

Altars:
Elyvilon
Gozag
Kikubaaqudgha
Makhleb
Nemelex Xobeh
Okawaru
Pakellas
Qazlal
Ru
Sif Muna
Trog
Vehumet
Xom
Yredelemnul
Zin
The Shining One

Shops:
D [

Annotations:
D Sonja


Innate Abilities, Weirdness & Mutations

You are too large for most types of armour.
You have claws for hands.
Your metabolism is lightning-fast.
You like to eat raw meat.
You heal very quickly.
You are covered in fur (AC +1).
You have very tough skin (AC +2).


Message History

You are more poisoned.
Sonja barely misses you.
You miss Sonja.
* * * LOW HITPOINT WARNING * * *
You feel very sick.
Sonja hits you with an uncursed short sword of venom.
* * * LOW HITPOINT WARNING * * *
You are more poisoned.
Sonja hits you but does no damage.
Sonja hits you with an uncursed short sword of venom.
* * * LOW HITPOINT WARNING * * *
You are more poisoned.
You barely miss Sonja.
You are no longer berserk.
You are exhausted.
You feel as though you will be slow longer.
* * * LOW HITPOINT WARNING * * *
You feel very sick.
Sonja hits you with an uncursed short sword of venom.
You die...

#..'[.#..)..#..+
#..#####'#####'#
#..####..#...#.#
#..#__####..##)#
#..#_.___##'#..+
#⌠⌠#_.∩...÷.(._#
####_..._##_(#+#
#_____###K#
####### #@#
+$.$+ #$.$#
##.## #+#


You could see Sonja.

Vanquished Creatures
  Sigmund (D)
  A yak (D)
  An ogre (D)
  A jelly (D)
  Ijyb (D)
5 creatures vanquished.

Notes
Turn   | Place    | Note
--------------------------------------------------------------
     0 | D        | Inkary the Troll Berserker began the quest for the Orb.
     0 | D        | Reached XP level 1. HP: 22/22 MP: 0/0
     2 | D        | Noticed Ijyb
    16 | D        | Killed Ijyb
    16 | D        | Reached skill level 5 in Unarmed Combat
    16 | D        | Reached XP level 2. HP: 28/31 MP: 1/1
    22 | D        | Noticed an ogre
    28 | D        | Killed an ogre
    28 | D        | Reached ** piety under Trog
    28 | D        | Reached skill level 7 in Unarmed Combat
    28 | D        | Reached XP level 3. HP: 40/40 MP: 2/2
    28 | D        | Reached XP level 4. HP: 49/49 MP: 3/3
    85 | D        | Noticed Sigmund
   100 | D        | Killed Sigmund
   100 | D        | Reached skill level 5 in Fighting
   100 | D        | Reached skill level 5 in Dodging
   100 | D        | Reached skill level 9 in Unarmed Combat
   100 | D        | Reached XP level 5. HP: 35/59 MP: 4/4
   100 | D        | Reached XP level 6. HP: 40/67 MP: 5/5
   200 | D        | Found a deep blue altar of Sif Muna.
   202 | D        | Found a radiant altar of Vehumet.
   208 | D        | Reached *** piety under Trog
   240 | D        | Found Jocoira's Armour Emporium.
   240 | D        | Found a white marble altar of Elyvilon.
   240 | D        | Found a stormy altar of Qazlal.
   240 | D        | Found a burning altar of Makhleb.
   240 | D        | Found a sacrificial altar of Ru.
   240 | D        | Found an oddly glowing altar of Pakellas.
   240 | D        | Found a basalt altar of Yredelemnul.
   240 | D        | Found a glowing golden altar of the Shining One.
   240 | D        | Found a sparkling altar of Nemelex Xobeh.
   240 | D        | Found a shimmering altar of Xom.
   240 | D        | Found an opulent altar of Gozag.
   240 | D        | Found an ancient bone altar of Kikubaaqudgha.
   240 | D        | Found a glowing silver altar of Zin.
   240 | D        | Noticed a yak
   245 | D        | Killed a yak
   245 | D        | Reached skill level 10 in Unarmed Combat
   246 | D        | Found an iron altar of Okawaru.
   249 | D        | Found a bloodstained altar of Trog.
   262 | D        | Noticed Sonja
   276 | D        | HP: 1/68 [poisoned by Sonja]
   276 | D        | Slain by Sonja

Skill      XL: |  1  2  3  4  5  6 |
---------------+-------------------+-----
Fighting       | 3 4 5 6 |  6.5
Dodging        | 3 4 5 6 |  6.5
Unarmed Combat | 5 7 9 10 | 10.7

Action                   |  1- 3 |  4- 6 || total
-------------------------+-------+-------++-------
Melee: Unarmed           |    18 |    20 ||    38
       Punch             |       |     3 ||     3
Invok: Berserk           |     1 |     1 ||     2
       Burn Spellbooks   |       |     1 ||     1
       Trog's Hand       |       |     1 ||     1
  Eat: Chunk             |       |     3 ||     3
Armor: Animal skin       |     4 |     7 ||    11
Dodge: Dodged            |     7 |    19 ||    26
